 Dungeon Crawl Stone Soup version 0.31.0 (webtiles) character file.

Game seed: 3643986987950229803

363 Sweeb the Conjurer (level 6, -4/36 HPs)
             Began as an Octopode Conjurer on Jan 19, 2024.
             Slain by an iguana (10 damage)
             ... on level 4 of the Dungeon.
             The game lasted 00:12:30 (3687 turns).

Sweeb the Conjurer (Octopode Conjurer)              Turns: 3687, Time: 00:12:32

Health: -4/36      AC:  1    Str: 10    XL:     6   Next: 67%
Magic:  12/12      EV: 14    Int: 22    God:
Gold:   113        SH:  0    Dex: 16    Spells: 8/13 levels left

rFire   + + +        (no weapon)
rCold   + . .        (no shield)
rNeg    . . .        (helmet restricted)
rPois   .            n - amulet of magic regeneration
rElec   .            g - ring of Haezum {+Blink rF+++ Str+3 Dex+6 Stlth-}
rCorr   .            e - ring of protection from cold
SInv    .            (no ring)
Will    .....        (no ring)
Stlth   +++          (no ring)
HPRegen 0.26/turn    (no ring)
MPRegen 0.53/turn    (no ring)
                     (no ring)

%: no passive effects
@: hasted, very quick
A: almost no armour, amphibious, 8 rings, camouflage 1, gelatinous body 1,
(nimble swimmer 1), tentacles
a: Evoke Blink


You were on level 4 of the Dungeon.
You visited 1 branch of the dungeon, and saw 4 of its levels.

You collected 113 gold pieces.

Inventory:

Jewellery
 e - a ring of protection from cold (right tentacle)
 g - the ring of Haezum (left tentacle) {+Blink rF+++ Str+3 Dex+6 Stlth-}
   (You found it on level 2 of the Dungeon)

   [ring of dexterity]

   Str+3:     It affects your strength (+3).
   Dex+6:     It affects your dexterity (+6).
   rF+++:     It renders you almost immune to fire.
   +Blink:    It lets you blink.
   Stlth-:    It makes you less stealthy.
 n - an amulet of magic regeneration (around mantle)
Scrolls
 c - 3 scrolls of teleportation
 f - a scroll of torment
 h - a scroll of immolation {unknown}
 i - 2 scrolls of vulnerability {unknown}
 o - a scroll of fog {unknown}
 q - a scroll of identify
 r - a scroll of enchant armour {unknown}
 s - a scroll of poison {unknown}
 t - a scroll of enchant weapon {unknown}
Potions
 a - a potion of magic
 b - 2 potions of haste
 k - a potion of brilliance {unknown}
 l - a potion of lignification {unknown}
 m - a potion of enlightenment {unknown}
 p - a potion of heal wounds {unknown}


   Skills:
 + Level 3.0 Dodging
 - Level 4.4 Stealth
 * Level 4.4 Spellcasting
 + Level 5.0 Conjurations
 + Level 1.2 Summonings


You had 8 spell levels left.
You knew the following spells:

 Your Spells              Type           Power      Damage    Failure   Level
a - Magic Dart            Conj           100%       1d8       1%          1
b - Searing Ray           Conj           54%        2d6       1%          2
c - Call Imp              Summ           20%        N/A       10%         2

Your spell library contained the following spells:

 Spells                   Type           Power      Damage    Failure   Level
 Blink                    Tloc           8%         N/A       16%         2
 Jinxbite                 Hex            8%         N/A       16%         2
 Call Canine Familiar     Summ           10%        N/A       21%         3
 Fugue of the Fallen      Necr           4%         N/A       32%         3
 Ozocubu's Armour         Ice            4%         N/A       32%         3
 Sigil of Binding         Hex            4%         N/A       32%         3
 Fulminant Prism          Conj/Alch      7%         3d6       36%         4
 Iskenderun's Mystic Bla  Conj/Tloc      15%        2d5       36%         4
 Dimensional Bullseye     Hex/Tloc       2%         N/A       71%         4
 Manifold Assault         Tloc           4%         N/A       71%         4
 Yara's Violent Unravell  Hex/Alch       2%         3d3       96%         5
 Enfeeble                 Hex            2%         N/A       100%        7


Dungeon Overview and Level Annotations

Branches:
Dungeon (4/15)
 Temple: D:4-7

Altars:
Qazlal
Xom

Shops:
D:1 =


Innate Abilities, Weirdness & Mutations

You cannot wear most types of armour.
You are amphibious.
You can wear up to eight rings at the same time.
Your skin changes colour to match your surroundings (Stealth+).
Your rubbery body absorbs attacks. (AC +1, EV +1)
((You are camouflaged when in or above water. (Stealth+)))
You have tentacles for arms and can constrict up to eight enemies at once.


Message History

Aiming: Magic Dart (safe; 1% risk of failure)
Press: ? - help, Shift-Dir - straight line, f - iguana
Aim: an iguana (lightly wounded, ally target, 100% to hit)
The magic dart hits the iguana.
The iguana is lightly wounded.
Your orc barely misses the iguana.
Your orc priest calls down the wrath of Beogh upon the iguana.
The iguana is smitten.
Casting: Magic Dart (safe; 1% risk of failure)
Confirm with . or Enter, or press ? or * to list all spells.
Aiming: Magic Dart (safe; 1% risk of failure)
Press: ? - help, Shift-Dir - straight line, f/p - iguana
Aim: an iguana (severely wounded, not watching you, ally target, 100% to hit)
The magic dart hits the iguana but does no damage.
The iguana is severely wounded.
Your orc priest barely misses the iguana.
Casting: Magic Dart (safe; 1% risk of failure)
Confirm with . or Enter, or press ? or * to list all spells.
Aiming: Magic Dart (safe; 1% risk of failure)
Press: ? - help, Shift-Dir - straight line, f/p - iguana
Aim: an iguana (severely wounded, ally target, 100% to hit)
The magic dart hits the iguana but does no damage.
The iguana is severely wounded.
Your orc priest dissolves into shadows!
Your orc dissolves into shadows!
The iguana bites you!
* * * LOW HITPOINT WARNING * * *
The iguana attacks as it pursues you! The iguana bites you!
* * * LOW HITPOINT WARNING * * *
Okay, then.
You feel better. The iguana bites you!
* * * LOW HITPOINT WARNING * * *
You feel better. The iguana bites you.
* * * LOW HITPOINT WARNING * * *
Okay, then.
You feel yourself speed up.
The iguana hisses menacingly.
The iguana closely misses you. The iguana attacks as it pursues you!
The iguana bites you!
You die...

########.##.#####.#
#.....##.##.......#
#.....##g.)....# #
#.....#####..#.# ..
#.....# #....##.###
######.....##
#..........
#...........#
#.......###
#.###.#..##.# #l#######
#.###.#..##.# #@#
..##.....##.# #.#
..##..#.###.# #.#
...[........# #.###
....#.......####.#.##
######
.#.###.####.......#.####
#..... ..## ##.#
#.####.#.....# #.####
.## #.##.#
##...##.#####.#### ..
~♣..#.#
##.###..........#


You could see an iguana.

Vanquished Creatures
  A hound (D:4)
  An orc priest (D:3)
  A sleepcap (D:4)
  An orc wizard (D:4)
  4 adders
  4 gnolls (D:4)
  A dart slug (D:1)
  A ribbon worm (D:2)
  6 orcs
  3 bats
  7 endoplasms
  5 giant cockroaches
  4 goblins
  8 hobgoblins
  4 jackals
  3 quokkas
  A ball python (D:3)
  6 kobolds
  7 rats
68 creatures vanquished.

Vanquished Creatures (collateral kills)
  An ogre (D:4)
  A dart slug (D:4)
  2 jackals
4 creatures vanquished.

Grand Total: 72 creatures vanquished

Notes
Turn   | Place    | Note
-------+----------+-------------------------------------------
     0 | D:1      | Sweeb the Octopode Conjurer began the quest for the Orb.
     0 | D:1      | Reached XP level 1. HP: 11/11 MP: 3/3
   223 | D:1      | Reached XP level 2. HP: 17/17 MP: 1/5
   409 | D:1      | Learned a level 2 spell: Searing Ray
   498 | D:1      | Found Barphi Boum's One-of-a-Kind Rings.
   839 | D:1      | Reached XP level 3. HP: 17/21 MP: 1/6
   983 | D:1      | Found a faded altar of an unknown god.
  1754 | D:2      | Identified the ring of Haezum {+Blink rF+++ Str+3 Dex+6
                  | Stlth-}
  1943 | D:2      | Reached XP level 4. HP: 27/27 MP: 5/8
  2082 | D:2      | Learned a level 2 spell: Call Imp
  2377 | D:3      | Found a shimmering altar of Xom.
  2773 | D:3      | Reached XP level 5. HP: 31/31 MP: 6/10
  2924 | D:3      | Found a stormy altar of Qazlal.
  3387 | D:4      | Reached XP level 6. HP: 36/36 MP: 5/12
  3678 | D:4      | Reached skill level 5 in Conjurations
  3678 | D:4      | Reached skill level 1 in Summonings
  3683 | D:4      | HP: 1/36 [iguana (8)]
  3687 | D:4      | Slain by an iguana

Illustrated notes

Levels and vault maps discovered:
D:1:      lemuel_arrival_hallway, layout_basic,
          ebering_ecumenical_altar_sacrificial, nicolae_shop_unique_rings
D:2:      layout_rooms
D:3:      layout_loops_cross, mainiacjoe_overflow_alcove_2,
          overflow_temple_1_default, chequers_serial_rivers_micro_a
D:4:      layout_loops_cross, serial_bayou, serial_bayou_shore_b,
          serial_bayou_shore_b, serial_bayou_shore_a, serial_bayou_pond_a,
          serial_bayou_pond_d, serial_bayou_ford_a, minivault_5

Skill      XL: |  1  2  3  4  5  6 |
---------------+-------------------+-----
Stealth        | 3 4 |  4.4
Spellcasting   | 3 4 |  4.4
Dodging        | 3 |  3.0
Conjurations   | 5 |  5.0
Summonings     | 1 |  1.2

Action                     |  1- 3 |  4- 6 || total
---------------------------+-------+-------++-------
  Melee: Unarmed           |     2 |    10 ||    12
         Constrict         |     1 |     5 ||     6
         Tentacles         |       |     3 ||     3
   Cast: Magic Dart        |    77 |    52 ||   129
         Searing Ray       |     2 |    10 ||    12
         Call Imp          |       |     7 ||     7
    Use: Scroll            |     3 |     3 ||     6
         Potion            |       |     3 ||     3
 Armour: Skin              |     5 |    19 ||    24
  Dodge: Dodged            |    13 |    15 ||    28
